 Dungeon Crawl Stone Soup version 0.21-a0-414-gba8bdf1 (webtiles) character file.

6 slep the Charmwright (level 1, 0/17 HPs)
             Began as a Barachi Skald on Nov 3, 2017.
             Slain by a ball python (1 damage)
             ... on level 1 of the Dungeon.
             The game lasted 00:01:05 (128 turns).

slep the Charmwright (Barachi Skald)                 Turns: 128, Time: 00:01:06

Health: 0/17       AC:  3    Str: 12    XL:     1   Next: 90%
Magic:  3/3        EV:  9    Int: 13    God:
Gold:   12         SH:  0    Dex: 11    Spells: 3/4 levels left

rFire    . . .     SeeInvis .   a - +0 falchion
rCold    . . .     Gourm    .   (no shield)
rNeg     . . .     Faith    .   b - +0 leather armour
rPois    .         Spirit   .   (no helmet)
rElec    .         Reflect  .   (no cloak)
rCorr    .         Harm     .   (no gloves)
MR       .....                  (no boots)
Stlth    +.........             (no amulet)
HPRegen  0.05/turn              (no ring)
MPRegen  0.08/turn              (no ring)

@: constricted, slow
A: +LOS, swims, slowness 1, strong legs 1
a: Hop


You were on level 1 of the Dungeon.
You were not hungry.

You visited 1 branch of the dungeon, and saw 1 of its levels.

You collected 12 gold pieces.

Inventory:

Hand Weapons
 a - a +0 falchion (weapon)
Armour
 b - a +0 leather armour (worn)
Potions
 e - a potion of brilliance {unknown}
Books
 c - a book of Battle

   Spells                             Type                      Level
   a - Infusion                       Charms                       1
   b - Shroud of Golubria             Charms/Translocation         2
   c - Song of Slaying                Charms                       2
   d - Spectral Weapon                Hexes/Charms                 3
   e - Regeneration                   Charms/Necromancy            3
Comestibles
 d - a bread ration


   Skills:
 + Level 2.4 Fighting
 + Level 2.4 Long Blades
 + Level 1.3 Armour
 + Level 2.2 Dodging
 + Level 2.2 Spellcasting
 + Level 3.6 Charms


You had 3 spell levels left.
You knew the following spells:

 Your Spells              Type           Power        Failure   Level  Hunger
a - Infusion              Chrm           ##..         7%          1    ##.....


Dungeon Overview and Level Annotations

Branches:
Dungeon (1/15)

Altars:


Innate Abilities, Weirdness & Mutations

Shadows flee at your approach. (+LOS)
You can swim through water.
You cover ground slowly.
You can hop short distances.


Message History

You completely miss the goblin. The goblin closely misses you.
You riposte.
You hit the goblin.
You kill the goblin!
A rat comes into view.
You see here a goblin corpse.
A ball python comes into view.
The ball python hisses angrily.
A giant cockroach comes into view.
The rat bites you.
* * * LOW HITPOINT WARNING * * *
You barely miss the rat. The rat barely misses you.
You hit the rat.
You kill the rat!
The giant cockroach moves out of view.
The ball python bites you but does no damage.
The ball python grabs you. The ball python constricts you.
The ball python completely misses you. The ball python constricts you.
You closely miss the ball python. The ball python bites you.
* * * LOW HITPOINT WARNING * * *
You die...

#. #### ########. ...
..)..... ######.#
#...... ......#+#####
#...... #..........#
#...... #..........#
#......
#...S......########'#
#...@..†...##...# #.#
#...#......##.#.###.#
#...+......##.......#
#...#......##.#######
#...+.........####
#...##.#≈≈≈≈≈≈≈≈≈## #
#s.. #.#≈#######≈#≈♣≈
.... #.#≈#<...8####8#
..###
#.#≈#.....'.....


You could see a giant cockroach and a ball python.

Vanquished Creatures
  A leopard gecko (D:1)
  A bat zombie (D:1)
  A goblin (D:1)
  A jackal zombie (D:1)
  A rat (D:1)
5 creatures vanquished.

Notes
Turn   | Place    | Note
-------+----------+-------------------------------------------
     0 | D:1      | slep the Barachi Skald began the quest for the Orb.
     0 | D:1      | Reached XP level 1. HP: 17/17 MP: 3/3
   128 | D:1      | Slain by a ball python

Vault maps used:
D:1:      saegor_arrival_fortress, minmay_crystal_water

Action                   || total
-------------------------++-------
Melee: Falchion          ||    27
Armor: Leather armour    ||     8
Dodge: Dodged            ||    24
       Rpst.: Falchion   ||     8

Table legend:
 A = Spawn XP
 B = Non-spawn XP
 C = Spawn XP percentage of total XP
 D = Spawn monster count
 E = Non-spawn monster count
 F = Spawn count percentage of total count
 G = Total turns spent on level
                    A         B        C        D         E        F      G
               +---------+---------+-------+---------+---------+-------+---------
         Total |       0 |       9 |   0.0 |       0 |       5 |   0.0 |   128
               +---------+---------+-------+---------+---------+-------+---------
           D:1 |       0 |       9 |   0.0 |       0 |       5 |   0.0 |   128
               +---------+---------+-------+---------+---------+-------+---------
